[Event "Team 45 45 League T32"]
[Site "Internet Chess Club"]
[Date "2007.02.11"]
[Round "4"]
[White "camembert"]
[Black "Silenita"]
[Result "1-0"]
[WhiteElo "1955"]
[BlackElo "1822"]
[ECO "D06"]
[TimeControl "2700+45"]

1. d4 d5 2. c4 Nf6 3. cxd5 Nxd5 4. Nf3 e6 5. e4 Nf6 6. Bd3 h6 7. O-O Nbd7 8. Nc3
c5 9. Bf4 cxd4 10. Nb5 e5 11. Nxe5 a6 12. Nc6 bxc6 13. Nc7+ Ke7 14. Nxa8 Nc5 15.
Nc7 Nxd3 16. Qxd3 Nh5 17. Bd2 Qxc7 18. Qxd4 Be6 19. Rfd1 Ke8 20. Qa4 Bd6 21. Ba5
Qb8 22. Qxc6+ Ke7 23. h3 Nf6 24. Qxa6 Nxe4 25. Qe2 Nf6 26. Bc3 Rc8 27. a4 Rc4
28. Rd4 Rxd4 29. Bxd4 Qb4 30. Bc3 Qc4 31. Qxc4 Bxc4 32. a5 Ba6 33. Rb1 Kd7 34.
Rd1 Kc6 35. b4 Ne8 36. Re1 Nf6 37. Rd1 Bf4 38. g3 Bd6 39. Kg2 h5 40. Kf3 Nd5 41.
Be1 g6 42. Rb1 f5 43. Bd2 Nf6 44. Bf4 Bxf4 45. Kxf4 Ne4 46. Rb2 Bc4 47. f3 Nd6
48. Kg5 Bf7 49. Kf6 Be8 50. Ke7 Bf7 51. b5+ Kc5 52. b6 Bd5 53. Kf6 Bxf3 54. a6
Nb7 55. a7 Nd6 56. b7 {Black resigns} 1-0

[Event "Team 45 45 League T32"]
[Site "Internet Chess Club"]
[Date "2007.02.11"]
[Round "4"]
[White "RedAttack"]
[Black "qs16"]
[Result "0-1"]
[WhiteElo "1817"]
[BlackElo "1866"]
[ECO "A46"]
[TimeControl "2700+45"]

1. d4 Nf6 2. Nf3 e6 3. g3 b6 4. Bg2 Bb7 5. O-O Be7 6. Nc3 O-O 7. Re1 d6 8. e4 c5
9. d5 exd5 10. exd5 Re8 11. Nh4 Bc8 12. Bf4 a6 13. Nf3 Bg4 14. h3 Bh5 15. g4 Bg6
16. Qd2 Nbd7 17. Re2 b5 18. Rae1 Nb6 19. Nh4 Nc4 20. Qc1 Qd7 21. Nxg6 hxg6 22.
b3 Nb6 23. Qd2 Bf8 24. g5 Rxe2 25. Rxe2 Nh5 26. Bh2 Re8 27. Rxe8 Qxe8 28. Ne4
Nc8 29. Qa5 f5 30. gxf6 Nxf6 31. Nxf6+ gxf6 32. Qxa6 f5 33. Bf1 b4 34. Qe2 Qd8
35. Qe6+ Kg7 36. Bf4 Be7 37. Bb5 Nb6 38. Bc1 Bf6 39. Be8 Qe7 40. Qxe7+ Bxe7 41.
Bc6 Bf6 42. Kf1 Bc3 43. Bf4 Be5 44. Bxe5+ dxe5 45. Ke2 Kf6 46. Kd3 e4+ 47. Ke3
Ke5 48. f4+ Kd6 49. Kd2 Nxd5 50. Bxd5 Kxd5 51. c4+ Kd4 52. h4 e3+ 53. Ke2 Ke4
{White resigns} 0-1

[Event "Team 45 45 League T32"]
[Site "Internet Chess Club"]
[Date "2007.02.10"]
[Round "4"]
[White "Rainbird"]
[Black "isolani"]
[Result "1-0"]
[WhiteElo "1764"]
[BlackElo "1652"]
[ECO "E71"]
[TimeControl "2700+45"]

1. d4 Nf6 2. c4 g6 3. Nc3 Bg7 4. e4 d6 5. h3 O-O 6. Bg5 Nbd7 7. Nf3 e5 8. d5 h6
9. Be3 Qe7 10. Qc2 Nh5 11. g4 Nf4 12. O-O-O Nb6 13. Ne2 Bd7 14. Ne1 a5 15. c5
Na4 16. c6 bxc6 17. dxc6 Nxb2 18. Kxb2 Rfb8+ 19. Kc1 Be6 20. Nxf4 exf4 21. Bd4
f6 22. Bc4 Rb4 23. Be2 Rab8 24. Nf3 Qf7 25. Kd2 Bxa2 26. Ra1 Bb3 27. Qc3 a4 28.
Rhb1 Qe7 29. Ke1 Qxe4 30. Ba7 Re8 31. Rb2 Bc4 32. Qxb4 Bxe2 33. Qxe4 Rxe4 34.
Rxe2 {Black resigns} 1-0

[Event "Team 45 45 League T32"]
[Site "Internet Chess Club"]
[Date "2007.02.13"]
[Round "4"]
[White "Dagambiter"]
[Black "RD1974"]
[Result "0-1"]
[WhiteElo "1589"]
[BlackElo "1677"]
[ECO "A01"]
[TimeControl "2700+45"]

1. b3 e5 2. Bb2 Nc6 3. c4 Bc5 4. g3 Nf6 5. Bg2 d6 6. d3 O-O 7. Nf3 Be6 8. O-O
Qd7 9. Nbd2 Nh5 10. Ne4 Bh3 11. Nxc5 dxc5 12. Nxe5 Nxe5 13. Bxe5 Bxg2 14. Kxg2
Qc6+ 15. e4 Nf6 16. Qe2 Rfe8 17. Bxf6 Qxf6 18. Qf3 Qb2 19. Rfe1 Rad8 20. Qd1 Qc3
21. Rc1 Qxd3 22. Qxd3 Rxd3 23. Rcd1 Red8 24. Rxd3 Rxd3 25. Re2 Kf8 26. f4 Ke7
27. g4 Ke6 28. h4 f6 29. h5 g6 30. hxg6 hxg6 31. f5+ Kf7 32. fxg6+ Kxg6 33. Rf2
Kg5 34. Rf5+ Kxg4 35. Rxf6 Rd2+ 36. Kf1 Rxa2 37. e5 Kg5 38. Rf7 Ra3 39. e6 Rxb3
40. Rxc7 Kf6 41. e7 Re3 42. e8=Q Rxe8 43. Rxb7 Re7 44. Rb5 Rc7 45. Ra5 Ke5 46.
Ke2 Kd4 47. Ra4 Kc3 48. Ke3 Kb3 49. Ra6 Kxc4 50. Kd2 Kb3 51. Rh6 c4 52. Kc1 c3
53. Rh3 Rf7 54. Rh1 a5 55. Kb1 a4 56. Ka1 Rd7 57. Rb1+ Kc4 58. Rc1 Rd2 59. Kb1
a3 60. Ka1 Kd3 61. Rh1 c2 62. Rh3+ Ke4 63. Rh4+ Kf5 {White resigns} 0-1

[Event "Team 45 45 League T32"]
[Site "Internet Chess Club"]
[Date "2007.02.12"]
[Round "4"]
[White "burnsja2003"]
[Black "fledermaus"]
[Result "1/2-1/2"]
[WhiteElo "1812"]
[BlackElo "2032"]
[ECO "D51"]
[TimeControl "2700+45"]

1. d4 d5 2. c4 e6 3. Nc3 Nf6 4. Bg5 Nbd7 5. e3 c6 6. Bd3 Qa5 7. Bxf6 Nxf6 8. Nf3
dxc4 9. Bxc4 Ne4 10. Qc2 Nxc3 11. bxc3 Bd6 12. Bd3 Qh5 13. e4 O-O 14. O-O b6 15.
e5 Be7 16. Be4 Bb7 17. h3 f5 18. Bd3 c5 19. Be2 Rac8 20. Rad1 Rc7 21. Nh2 Qg6
22. Bf3 Bxf3 23. Nxf3 Rfc8 24. d5 exd5 25. Rxd5 Qe6 26. Rfd1 h6 27. a4 c4 28.
Qd2 Bc5 29. Rd8+ Kh7 30. Rxc8 Qxc8 31. Qd5 Re7 32. Kf1 Qe6 33. Qd2 Qc6 34. Qc2
Qe4 35. Qd2 Qc6 36. Qc2 Qe4 37. Qd2 Qc6 {Game drawn by repetition} 1/2-1/2

[Event "Team 45 45 League T32"]
[Site "Internet Chess Club"]
[Date "2007.02.10"]
[Round "4"]
[White "Flying-Tiger"]
[Black "RingLord"]
[Result "1/2-1/2"]
[WhiteElo "1936"]
[BlackElo "1723"]
[ECO "B80"]
[TimeControl "2700+45"]

1. e4 c5 2. Nf3 e6 3. d4 cxd4 4. Nxd4 Nf6 5. Nc3 d6 6. Be3 Be7 7. f3 a6 8. a4
O-O 9. Bd3 Nc6 10. Qd2 Bd7 11. O-O Nb4 12. Bc4 d5 13. exd5 Nbxd5 14. Nxd5 Nxd5
15. Bxd5 exd5 16. Ne2 Bc6 17. Rfd1 Qd7 18. b3 Rfd8 19. Nd4 Bf6 20. Rab1 Qc7 21.
Bg5 Bxd4+ 22. Qxd4 Rd7 23. Qg4 Qb6+ 24. Kh1 Rd6 25. Qf4 Rg6 26. Qd2 Rc8 27. Be3
Qd8 28. c4 Rd6 29. Bf4 Rd7 30. cxd5 Rxd5 31. Qe2 Qe8 32. Qf2 Qe6 33. Re1 Qf5 34.
Qe3 Qd7 35. h3 Re8 36. Qc3 Rxe1+ 37. Rxe1 Rd1 38. Rxd1 Qxd1+ 39. Kh2 Qd7 40. Be5
f6 41. Bg3 Qe6 42. a5 Qd5 43. b4 Kf7 44. Qe3 Qe6 45. Qc5 Qd5 46. Qc2 h6 47. Qc1
{Game drawn by mutual agreement} 1/2-1/2

[Event "Team 45 45 League T32"]
[Site "Internet Chess Club"]
[Date "2007.02.11"]
[Round "4"]
[White "jacknor"]
[Black "GoIrish"]
[Result "1-0"]
[WhiteElo "1566"]
[BlackElo "1655"]
[ECO "A15"]
[TimeControl "2700+45"]

1. c4 Nf6 2. g3 g6 3. Bg2 Bg7 4. Nc3 O-O 5. Nf3 d6 6. a3 e5 7. d3 Nbd7 8. Rb1 a5
9. b4 axb4 10. axb4 c6 11. e4 Ne8 12. O-O f5 13. Bg5 Nef6 14. Qd2 Qe8 15. exf5
gxf5 16. Bh6 Bxh6 17. Qxh6 Qg6 18. Qxg6+ hxg6 19. Ra1 Rb8 20. Nh4 Kg7 21. f4 Ng4
22. Rf3 Re8 23. Re1 Kf7 24. h3 Ngf6 25. Rfe3 exf4 26. Rxe8 Nxe8 27. gxf4 Ndf6
28. Nf3 Nh7 29. c5 Be6 30. Nd4 Bd7 31. Ra1 dxc5 32. bxc5 Nhf6 33. Ra7 Nd5 34.
Nxd5 cxd5 35. Bxd5+ Kf6 36. Rxb7 Rd8 37. Nc6 {Black resigns} 1-0

[Event "Team 45 45 League T32"]
[Site "Internet Chess Club"]
[Date "2007.02.09"]
[Round "4"]
[White "Grenadier"]
[Black "twintower"]
[Result "1-0"]
[WhiteElo "1746"]
[BlackElo "1582"]
[ECO "C02"]
[TimeControl "2700+45"]

1. e4 e6 2. d4 d5 3. e5 c5 4. c3 Qb6 5. Nf3 Bd7 6. Bd3 Bb5 7. Bc2 Nc6 8. Be3
cxd4 9. Nxd4 Nxd4 10. Bxd4 Bc5 11. a4 Bxd4 12. Qxd4 Qxd4 13. cxd4 Bc6 14. O-O a5
15. Nc3 Nh6 16. Bd3 Ke7 17. Rac1 Nf5 18. Bxf5 exf5 19. Rc2 Kd7 20. Re1 Rhc8 21.
Rce2 Ke6 22. h4 h5 23. Kh2 Ra6 24. Rc2 Raa8 25. Rec1 Kd7 26. Kg3 f6 27. exf6
gxf6 28. Kf4 Rg8 29. f3 Rgc8 30. Kxf5 {Black resigns} 1-0

[Event "Team 45 45 League T32"]
[Site "Internet Chess Club"]
[Date "2007.02.11"]
[Round "4"]
[White "rss"]
[Black "Hazy"]
[Result "1/2-1/2"]
[WhiteElo "1754"]
[BlackElo "1930"]
[ECO "C68"]
[TimeControl "2700+45"]

1. e4 e5 2. Nf3 Nc6 3. Bb5 a6 4. Bxc6 dxc6 5. Nc3 Bg4 6. h3 Bxf3 7. Qxf3 Bc5 8.
d3 Qd6 9. Be3 Ne7 10. Bxc5 Qxc5 11. Qe3 Qb4 12. Qd2 O-O-O 13. O-O g6 14. b3 f5
15. a3 Qd4 16. exf5 gxf5 17. Ne2 Qh4 18. Qe3 Ng6 19. Qf3 Rdf8 20. Kh2 Rhg8 21.
Rae1 Kb8 22. Ng3 Qf6 23. Rg1 e4 24. dxe4 f4 25. Nf5 Qe5 26. c4 Rf7 27. Kh1 Nf8
28. Nh6 Rfg7 29. Nxg8 Rxg8 30. g3 fxg3 31. Rxg3 Ng6 32. Reg1 Rf8 33. Qe3 b6 34.
Rf3 Re8 35. Rf7 Qh5 36. Qg3 Ne5 37. Rf5 Qh6 38. Kh2 Qd6 39. Kh1 Qh6 40. h4 Qd6
41. f4 Ng6 42. e5 Qd4 43. Rf6 Ne7 44. Qe1 Qd3 45. Rg3 Qd4 46. Qg1 Qe4+ 47. Qg2
Nf5 48. Rg5 Qe1+ {Game drawn by mutual agreement} 1/2-1/2

[Event "Team 45 45 League T32"]
[Site "Internet Chess Club"]
[Date "2007.02.11"]
[Round "4"]
[White "HoHo"]
[Black "Electryon"]
[Result "1-0"]
[WhiteElo "1763"]
[BlackElo "1725"]
[ECO "C02"]
[TimeControl "2700+45"]

1. e4 e6 2. d4 d5 3. e5 c5 4. c3 Nc6 5. Nf3 Qb6 6. Be2 cxd4 7. cxd4 Nge7 8. Nc3
Nf5 9. Bb5 Bd7 10. Bxc6 bxc6 11. O-O c5 12. Na4 Qb4 13. Nxc5 Bxc5 14. dxc5 Qxc5
15. a3 O-O 16. Bd2 Qb6 17. Bc3 Rac8 18. Qd2 Rc4 19. Ba5 Qb3 20. Bc3 Bb5 21. Rfe1
Rd8 22. Qg5 Rd7 23. Nd2 h6 24. Qxf5 Rc8 25. Qxf7+ Rxf7 26. Nxb3 Rcf8 27. f3 Rf5
28. Nd4 {Black resigns} 1-0

[Event "Team 45 45 League T32"]
[Site "Internet Chess Club"]
[Date "2007.02.08"]
[Round "4"]
[White "Changuito-77"]
[Black "chiiwen"]
[Result "0-1"]
[WhiteElo "1790"]
[BlackElo "1911"]
[ECO "A04"]
[TimeControl "2700+45"]

1. Nf3 c5 2. e3 d5 3. d4 e6 4. b3 Nf6 5. Bd3 Be7 6. Bb2 O-O 7. O-O Nc6 8. a3 b6
9. Nbd2 Bb7 10. Ne5 Bd6 11. f4 cxd4 12. exd4 Ne8 13. Qh5 f5 14. Rae1 Nf6 15. Qh3
Ne4 16. Nxe4 dxe4 17. Bc4 Re8 18. Qxf5 Qe7 19. Qg4 Bxe5 20. fxe5 Na5 21. Be2
Rac8 22. Bd1 b5 23. Rf2 Bd5 24. Qg3 Rf8 25. Rxf8+ Rxf8 26. Bc1 Nc6 27. Be3 Qxa3
28. Rf1 Rxf1+ 29. Kxf1 Qf8+ 30. Qf2 a5 31. Qxf8+ Kxf8 32. Be2 Nb4 33. c4 bxc4
34. bxc4 Bc6 35. Bc1 Nc2 36. Bb2 a4 37. Bd1 Ne3+ 38. Ke2 Nxc4 39. Ba1 Bb5 40.
Kf2 Ke7 41. Be2 Kd7 42. Bxc4 Bxc4 43. Bb2 Bd5 44. Ke2 Kc6 45. g3 Kb5 46. Kd2 Kb4
47. Kc2 a3 48. Ba1 Kc4 49. Kb1 Kd3 50. h4 e3 {White forfeits on time} 0-1

[Event "Team 45 45 League T32"]
[Site "Internet Chess Club"]
[Date "2007.02.09"]
[Round "4"]
[White "JustinSane"]
[Black "Skrups"]
[Result "1/2-1/2"]
[WhiteElo "2233"]
[BlackElo "2084"]
[ECO "A45"]
[TimeControl "2700+45"]

1. d4 Nf6 2. Bf4 g6 3. e3 Bg7 4. Be2 c5 5. c3 d5 6. Bxb8 Rxb8 7. Qa4+ Bd7 8.
Qxa7 c4 9. b4 Ra8 10. Qxb7 e6 11. a4 Rb8 12. Qa6 Bf8 13. a5 Bb5 14. Qa7 Ra8 15.
Qb7 Rb8 16. Qa7 Ra8 17. Qb7 Rb8 18. Qa7 {Game drawn by repetition} 1/2-1/2

[Event "Team 45 45 League T32"]
[Site "Internet Chess Club"]
[Date "2007.02.11"]
[Round "4"]
[White "ZombieRagozin"]
[Black "The7thGuest"]
[Result "1/2-1/2"]
[WhiteElo "2169"]
[BlackElo "2175"]
[ECO "B87"]
[TimeControl "2700+45"]

1. e4 c5 2. Nf3 d6 3. d4 cxd4 4. Nxd4 Nf6 5. Nc3 a6 6. Bc4 e6 7. Bb3 b5 8. Bg5
Be7 9. Qf3 Ra7 10. O-O-O Rd7 11. Bxe6 fxe6 12. Nxe6 Qa5 13. Kb1 Kf7 14. Bxf6
Bxf6 15. Qf5 g6 16. Ng5+ Kg7 17. Ne6+ Kf7 18. Ng5+ Kg7 19. Ne6+ {Game drawn by
mutual agreement} 1/2-1/2

[Event "Team 45 45 League T32"]
[Site "Internet Chess Club"]
[Date "2007.02.11"]
[Round "4"]
[White "livis"]
[Black "vaibhav"]
[Result "0-1"]
[WhiteElo "2119"]
[BlackElo "2269"]
[ECO "B21"]
[TimeControl "2700+45"]

1. e4 c5 2. d4 cxd4 3. Bd3 Nc6 4. f4 Nf6 5. Nf3 d5 6. e5 Ne4 7. Nbd2 Bf5 8. Qe2
Nxd2 9. Bxd2 Bxd3 10. Qxd3 e6 11. a3 a5 12. O-O Bc5 13. Kh1 Qc7 14. f5 O-O 15.
Rae1 exf5 16. Qxf5 Ne7 17. Qh5 Qc6 18. Ng5 Qg6 19. Qh3 Rac8 20. e6 f6 21. Nf3
Qxc2 22. b4 axb4 23. axb4 Bd6 24. Qg4 Rc4 25. b5 Qg6 26. Qh3 Rfc8 27. Nh4 Qh5
28. g4 Qe8 29. Nf5 Nxf5 30. Rxf5 Rc2 31. Qd3 Be5 32. Re2 Qg6 33. Qf3 h6 34. e7
Kh7 35. h4 Kh8 36. h5 Qe8 37. Qxd5 Qxe7 38. Qe4 Qa3 39. Rf3 Qa1+ 40. Kg2 Rxd2
41. Rxd2 Rc1 42. Qe2 Rh1 43. Rf2 Qg1+ 44. Kf3 Rh3+ 45. Ke4 Re3+ 46. Qxe3 dxe3
47. Kxe3 Bg3 {White resigns} 0-1

[Event "Team 45 45 League T32"]
[Site "Internet Chess Club"]
[Date "2007.02.09"]
[Round "4"]
[White "VammSK"]
[Black "kingcapture"]
[Result "0-1"]
[WhiteElo "2135"]
[BlackElo "2194"]
[ECO "E97"]
[TimeControl "2700+45"]

1. d4 Nf6 2. c4 g6 3. Nc3 Bg7 4. e4 d6 5. Nf3 O-O 6. Be2 e5 7. O-O Nc6 8. d5 Ne7
9. b4 Nh5 10. Re1 f5 11. Ng5 Nf4 12. Bxf4 exf4 13. Rc1 h6 14. Ne6 Bxe6 15. dxe6
Bxc3 16. Rxc3 fxe4 17. Rh3 Nf5 18. Qd5 Qg5 19. Qxe4 Rae8 20. Qxb7 Rxe6 21. Qd5
Re8 22. Bf3 Nd4 23. Rxe6 Rxe6 24. Be4 c6 25. Qxd4 h5 26. Rf3 Qe7 27. Bd5 cxd5
28. Qxd5 Kh7 29. h3 g5 30. Qf5+ Rg6 31. h4 g4 32. Qxh5+ Kg7 33. Rxf4 Qe1+ 34.
Kh2 g3+ 35. fxg3 {White resigns} 0-1

[Event "Team 45 45 League T32"]
[Site "Internet Chess Club"]
[Date "2007.02.13"]
[Round "4"]
[White "izit"]
[Black "NFork"]
[Result "1/2-1/2"]
[WhiteElo "2123"]
[BlackElo "2243"]
[ECO "C43"]
[TimeControl "2700+45"]

1. e4 e5 2. Nf3 Nf6 3. d4 d5 4. Nxe5 Nxe4 5. Bd3 Be7 6. Qh5 O-O 7. Nc3 g6 8. Qh6
Bf6 9. Bxe4 dxe4 10. Be3 Bg7 11. Qf4 f5 12. h4 Nd7 13. Nxd7 Bxd7 14. O-O-O Rf6
15. h5 Rd6 16. hxg6 hxg6 17. Qh2 Kf7 18. d5 Qf6 19. Qg3 Rh8 20. Rxh8 Bxh8 21.
Bg5 Qg7 22. Bf4 Ra6 23. Bxc7 Rxa2 24. Nxa2 Qxb2+ 25. Kd2 Qxa2 26. Qd6 Qa4 27.
Bd8 Bd4 28. Rh1 e3+ 29. fxe3 Bxe3+ 30. Kxe3 Qe4+ 31. Kd2 Qd4+ 32. Kc1 Qa1+ 33.
Kd2 Qd4+ 34. Ke1 Qe3+ 35. Kd1 Qd4+ 36. Kc1 Qa1+ 37. Kd2 Qd4+ {Game drawn by
repetition} 1/2-1/2

[Event "Team 45 45 League T32"]
[Site "Internet Chess Club"]
[Date "2007.02.12"]
[Round "4"]
[White "bahus"]
[Black "Psychokinetic"]
[Result "1-0"]
[WhiteElo "1946"]
[BlackElo "2060"]
[ECO "B00"]
[TimeControl "2700+45"]

1. e4 Nc6 2. d4 d5 3. exd5 Qxd5 4. Be3 e5 5. Nc3 Bb4 6. a3 Bxc3+ 7. bxc3 Nge7 8.
Nf3 exd4 9. Nxd4 O-O 10. Qf3 Qa5 11. Bd2 Re8 12. Be2 Bd7 13. Nb3 Qf5 14. Qxf5
Nxf5 15. f3 Nh4 16. Kf2 Nxg2 17. h4 Re7 18. Bd3 Ne5 19. Kxg2 Nxd3 20. cxd3 Ba4
21. Nc1 Rae8 22. Kf2 Bc6 23. Re1 Rxe1 24. Bxe1 Bxf3 25. Kxf3 Rxe1 26. Nb3 Re6
27. Kf2 Kf8 28. Re1 Rc6 29. c4 h5 30. Re5 g6 31. Ke3 b6 32. Nd4 {Black resigns}
1-0

[Event "Team 45 45 League T32"]
[Site "Internet Chess Club"]
[Date "2007.02.11"]
[Round "4"]
[White "Sir-Knightly"]
[Black "akdog3"]
[Result "1-0"]
[WhiteElo "2411"]
[BlackElo "2255"]
[ECO "E35"]
[TimeControl "2700+45"]

1. d4 Nf6 2. c4 e6 3. Nc3 Bb4 4. Qc2 d5 5. cxd5 exd5 6. Bg5 c5 7. a3 Bxc3+ 8.
Qxc3 cxd4 9. Qxd4 Nc6 10. Qf4 O-O 11. Bxf6 gxf6 12. Nf3 Re8 13. Rd1 Re4 14. Qd2
d4 15. e3 Qe7 16. Bd3 dxe3 17. Qc2 Rf4 18. O-O Bg4 19. Rde1 Bxf3 20. fxe3 Rg4
21. Rxf3 Nd4 22. Bxh7+ Kg7 23. Qf2 Nxf3+ 24. Qxf3 Rg5 25. Bf5 Rh8 26. g4 Qe5 27.
Re2 Rh3 28. Qf4 Qd5 29. e4 Qd3 30. Rd2 Qc4 31. Kg2 Rhh5 32. h3 Rxf5 33. gxf5
Rg5+ 34. Kh2 Qc1 35. h4 Rg1 36. Qf2 Rh1+ 37. Kg2 Rxh4 38. Qg3+ Kf8 39. Rd8+
{Black resigns} 1-0

[Event "Team 45 45 League T32"]
[Site "Internet Chess Club"]
[Date "2007.02.10"]
[Round "4"]
[White "postalex"]
[Black "Allessia"]
[Result "1/2-1/2"]
[WhiteElo "2224"]
[BlackElo "2233"]
[ECO "B33"]
[TimeControl "2700+45"]

1. e4 c5 2. Nf3 Nc6 3. d4 cxd4 4. Nxd4 Nf6 5. Nc3 e5 6. Ndb5 d6 7. Bg5 a6 8. Na3
b5 9. Bxf6 gxf6 10. Nd5 f5 11. exf5 Bxf5 12. Qf3 Nd4 13. Nc7+ Qxc7 14. Qxa8+ Ke7
15. c3 b4 16. cxb4 Bh6 17. Qxa6 Bc1 18. Bd3 Bxb2 19. O-O Bxd3 20. Qxd3 Bxa1 21.
Rxa1 Rc8 22. Re1 {Game drawn by mutual agreement} 1/2-1/2

[Event "Team 45 45 League T32"]
[Site "Internet Chess Club"]
[Date "2007.02.10"]
[Round "4"]
[White "Ozgur-Bjk"]
[Black "KingDestroyer"]
[Result "1/2-1/2"]
[WhiteElo "2129"]
[BlackElo "2217"]
[ECO "D13"]
[TimeControl "2700+45"]

1. d4 d5 2. c4 c6 3. Nc3 Nf6 4. cxd5 cxd5 5. Nf3 Nc6 6. Bf4 e6 7. e3 a6 8. a3
Be7 9. Bd3 Nh5 10. Bg3 Nxg3 11. hxg3 h6 12. O-O Bf6 13. Rc1 e5 14. dxe5 Nxe5 15.
Nxe5 Bxe5 16. Qa4+ Bd7 17. Qb3 Bc6 18. Rfd1 O-O 19. Be2 Qf6 20. Nxd5 Bxd5 21.
Rxd5 Bxb2 22. Rb1 Be5 23. Qb6 Rab8 24. Rd7 Qf5 25. Rbd1 Qf6 26. Rb1 Qf5 27. Rbd1
{Game drawn by mutual agreement} 1/2-1/2

[Event "Team 45 45 League T32"]
[Site "Internet Chess Club"]
[Date "2007.02.11"]
[Round "4"]
[White "HomerSimpson"]
[Black "iwulu"]
[Result "1/2-1/2"]
[WhiteElo "2256"]
[BlackElo "2207"]
[ECO "A00"]
[TimeControl "2700+45"]

1. b4 Nf6 2. Bb2 e6 3. b5 b6 4. Nf3 Bb7 5. e3 Be7 6. c4 O-O 7. Nc3 d5 8. Be2
Nbd7 9. O-O c5 10. bxc6 Bxc6 11. d4 a6 12. a4 Bb7 13. Qb3 Rb8 14. Rfc1 Bd6 15.
Nd2 Qe7 16. Bf3 dxc4 17. Nxc4 Bxf3 18. gxf3 Bb4 19. Na2 a5 20. Nxb4 axb4 21. Ne5
Nxe5 22. dxe5 Nd5 23. Bd4 Qh4 24. Rc4 Qh3 25. Qd1 Rfd8 26. Qe2 h6 27. Kh1 b5 28.
axb5 Rxb5 29. Rg1 Rb7 30. Rg4 Rbd7 31. Rg3 Qh5 32. Qb2 Rb7 33. Qb3 Rdb8 34. Bb2
Ne7 35. Rgg4 Qh3 36. Qd1 Nf5 37. Kg1 h5 38. Rg5 Rb5 39. Rf4 Rd5 40. Bd4 b3 41.
Qb1 b2 42. Kh1 Ra5 43. Bxb2 Rab5 44. Qg1 Rxb2 45. Rfxf5 Rb1 46. Rxg7+ Kh8 47.
Rfxf7 Rxg1+ 48. Rxg1 Rg8 49. Rf4 Rxg1+ 50. Kxg1 Kg7 51. Rf6 Kh7 52. Rf7+ Kg6 53.
Rf6+ Kg7 54. Rf4 Kg8 55. Rf6 Qh4 56. Rxe6 Qg5+ 57. Kh1 Qf5 58. Rf6 Qxe5 59. Rf4
Kg7 60. h4 Kg6 61. Kg2 Kg7 {Game drawn by mutual agreement} 1/2-1/2

[Event "Team 45 45 League T32"]
[Site "Internet Chess Club"]
[Date "2007.02.09"]
[Round "4"]
[White "SkinnyPuppy"]
[Black "DTK"]
[Result "1/2-1/2"]
[WhiteElo "2197"]
[BlackElo "2169"]
[ECO "A25"]
[TimeControl "2700+45"]

1. c4 e5 2. g3 g6 3. Bg2 Bg7 4. Nc3 Nc6 5. e3 d6 6. Nge2 Be6 7. d3 Nh6 8. O-O
O-O 9. Rb1 a5 10. a3 Qd7 11. Nd5 Bh3 12. e4 Bxg2 13. Kxg2 f5 14. f3 Ne7 15. Nec3
Nxd5 16. Nxd5 Ra6 17. Be3 c6 18. Nb6 Qe6 19. Qd2 f4 20. Bg1 Nf7 21. g4 h5 22. h3
hxg4 23. hxg4 Bf6 24. Bf2 Nh6 25. Rh1 Nxg4 26. Rbg1 Nxf2 27. Qxf2 a4 28. Kf1 Bg7
29. Rg4 Rf6 30. Rhg1 Kf7 31. R1g2 {Game drawn by mutual agreement} 1/2-1/2

[Event "Team 45 45 League T32"]
[Site "Internet Chess Club"]
[Date "2007.02.10"]
[Round "4"]
[White "MikeMike"]
[Black "SpikeyJ"]
[Result "0-1"]
[WhiteElo "2006"]
[BlackElo "2088"]
[ECO "B09"]
[TimeControl "2700+45"]

1. e4 d6 2. d4 Nf6 3. Nc3 g6 4. f4 Bg7 5. Nf3 c5 6. dxc5 Qa5 7. cxd6 Nxe4 8.
dxe7 Nc6 9. Bd3 Nxc3 10. bxc3 Qxc3+ 11. Nd2 Qxa1 12. Ne4 Nxe7 13. Bb5+ Nc6 14.
Nd6+ Kf8 15. Bxc6 Qc3+ 16. Bd2 Qxc6 17. Kf1 Be6 18. Bb4 Bc3 19. Ba3 Qa6+ 20.
Nb5+ Kg7 21. Qd3 Rac8 22. Kf2 Qb6+ 23. Kg3 Bf6 24. Nd6 Rc3 {White resigns} 0-1

[Event "Team 45 45 League T32"]
[Site "Internet Chess Club"]
[Date "2007.02.12"]
[Round "4"]
[White "f5"]
[Black "Milo"]
[Result "0-1"]
[WhiteElo "2264"]
[BlackElo "2468"]
[ECO "B24"]
[TimeControl "2700+45"]

1. e4 c5 2. Nc3 Nc6 3. g3 g6 4. Bg2 Bg7 5. d3 e6 6. Be3 d6 7. Qd2 Rb8 8. f4 Nge7
9. Nf3 Nd4 10. O-O O-O 11. Bf2 Nec6 12. Nh4 Qa5 13. a3 b5 14. g4 b4 15. axb4
Qxb4 16. f5 Qxb2 17. Ra2 Qxc3 {White resigns} 0-1

[Event "Team 45 45 League T32"]
[Site "Internet Chess Club"]
[Date "2007.02.12"]
[Round "4"]
[White "jpitt"]
[Black "trevor21"]
[Result "1/2-1/2"]
[WhiteElo "2341"]
[BlackElo "2173"]
[ECO "D31"]
[TimeControl "2700+45"]

1. d4 e6 2. c4 d5 3. Nc3 Be7 4. Nf3 Nf6 5. Bf4 c6 6. e3 Nbd7 7. Qc2 O-O 8. h3
Re8 9. O-O-O Nf8 10. Bd3 dxc4 11. Bxc4 a5 12. g4 a4 13. Ne4 Nd5 14. Neg5 h6 15.
Ne4 b5 16. Bd3 Nb4 17. Qb1 Qd5 18. g5 h5 19. Ne5 Nxd3+ 20. Qxd3 Qxa2 21. Nf6+
Bxf6 22. gxf6 a3 23. Qb1 axb2+ 24. Qxb2 gxf6 25. Rhg1+ Kh7 26. Nxf7 Ng6 27. Nd6
Rd8 28. Ne4 Qc4+ 29. Kb1 Nxf4 30. Nxf6+ Kh6 31. exf4 e5 32. Rg5 Ra4 33. Rdg1 Bg4
34. Nxg4+ hxg4 35. R5xg4 Qd3+ 36. Qc2 Rb4+ 37. Kc1 Qa3+ 38. Kd1 Rbxd4+ 39. Ke2
Rd2+ 40. Qxd2 Rxd2+ 41. Kxd2 Qb4+ 42. Ke2 Qe4+ 43. Kd2 Qd4+ 44. Ke2 Qe4+ 45. Kf1
Qd3+ 46. Kg2 exf4 47. Kh2 Kh5 48. Rg8 Qd4 49. R8g5+ Kh6 50. Rg6+ Kh7 51. R6g4
Qxf2+ 52. R1g2 Qe1 53. Rg7+ {Game drawn by mutual agreement} 1/2-1/2

[Event "Team 45 45 League T32"]
[Site "Internet Chess Club"]
[Date "2007.02.10"]
[Round "4"]
[White "Kolibri"]
[Black "Zebbile"]
[Result "1/2-1/2"]
[WhiteElo "2042"]
[BlackElo "2127"]
[ECO "B18"]
[TimeControl "2700+45"]

1. e4 c6 2. d4 d5 3. Nc3 dxe4 4. Nxe4 Bf5 5. Ng3 Bg6 6. Nf3 Nd7 7. Bd3 e6 8. h4
Ngf6 9. h5 Bxd3 10. Qxd3 h6 11. Bd2 Qc7 12. O-O-O O-O-O 13. Qe2 c5 14. dxc5 Bxc5
15. Be3 Qb6 16. Bxc5 Qxc5 17. Rh4 Kb8 18. Rhd4 Qa5 19. Kb1 Rhe8 20. Qd2 Qxd2 21.
R1xd2 e5 22. Rd6 Kc7 23. Nh4 Nc5 24. Rxd8 Rxd8 25. Rxd8 Kxd8 26. Nhf5 Ne8 27. b4
Ne6 28. Ne4 Kd7 29. c4 b6 30. Kc2 Nf4 31. g4 Ke6 32. a4 Nxh5 33. c5 Nhf6 34.
Nxf6 Kxf6 35. cxb6 axb6 36. a5 bxa5 37. bxa5 Nc7 38. Nd6 Ke6 39. Nf5 Kf6 40. Nd6
g6 41. Kd3 Ke6 42. Ne4 f5 43. gxf5+ gxf5 44. Nc5+ Kd5 45. Nd7 e4+ 46. Ke3 Kd6
47. Nf6 Ke6 48. Nh5 Ke5 49. Nf4 Kf6 50. f3 Ke5 51. fxe4 fxe4 52. Ng6+ Kd5 53.
Nf4+ Ke5 54. Ng6+ Kf5 55. Nh4+ Kg5 56. Ng2 h5 57. Kxe4 Kg4 58. Ne3+ Kg3 59. Nf5+
Kg4 60. Ne3+ {Game drawn by mutual agreement} 1/2-1/2

[Event "Team 45 45 League T32"]
[Site "Internet Chess Club"]
[Date "2007.02.12"]
[Round "4"]
[White "mint-tea"]
[Black "Vitruvian"]
[Result "1-0"]
[WhiteElo "1782"]
[BlackElo "1841"]
[ECO "A40"]
[TimeControl "2700+45"]

1. d4 e6 2. c4 f5 3. Nc3 Nf6 4. g3 c6 5. Bg2 d5 6. Nf3 Bd6 7. O-O O-O 8. c5 Bc7
9. Bf4 Nbd7 10. Ng5 Re8 11. Bxc7 Qxc7 12. f4 Ne4 13. Nf3 Ndf6 14. Ne5 Rf8 15.
Bf3 Bd7 16. e3 Be8 17. g4 fxg4 18. Nxe4 dxe4 19. Bxg4 Qe7 20. Qe2 Kh8 21. Kh1
Nd7 22. Qc4 Nxe5 23. dxe5 Bf7 24. Rac1 Rad8 25. Rcd1 Rd5 26. b4 Qh4 27. Rg1 Rfd8
28. Rxd5 cxd5 29. Qd4 Qf2 30. a4 Qc2 31. Bd1 Qa2 32. Rg2 Qa3 33. b5 Rc8 34. Rc2
Be8 35. Bg4 Bf7 36. f5 exf5 37. Bxf5 Re8 38. c6 Qe7 39. Bd7 Rf8 40. Qc5 Qxc5 41.
Rxc5 bxc6 42. bxc6 Be8 43. Bxe8 Rxe8 44. c7 Rc8 45. Rxd5 {Black resigns} 1-0